General information
- name: BNet
- type: Ladder team game (AT/RT)
- host: Battle.net
- saver: KODOBODODO
map: LastManStanding
- players: 8
- length: 17:53
- speed: Fast
- version: 1.26 W3XP
- replay type: Public
» download(140 KB)
Players
team 1 (loser)

»
miss_k_lorina (
orange | 58 APM | 1038 actions | 17:49)
4 Death Knight
2 Death Coil
2 Unholy Aura
» actions
| Assign group hotkey | 26 | |
| Basic commands | 88 | |
| Build / train | 69 | |
| ESC pressed | 8 | |
| Enter build submenu | 29 | |
| Enter hero's abilities submenu | 4 | |
| Give item / drop item | 1 | |
| Remove unit from queue | 5 | |
| Right click | 171 | |
| Select / deselect | 216 | |
| Select group hotkey | 349 | |
| Use ability | 72 | |
1038 total
» units
| Acolyte | 7 | |
| Ghoul | 3 | |
| Crypt Fiend | 10 | |
| Obsidian Statue | 2 | |
| Frost Wyrm | 3 | |
| Abomination | 2 | |
27 total
» upgrades
| Creature Attack | 2 | |
| Web | 1 | |
| Creature Carapace | 1 | |
4 total
» buildings
| Crypt | 1 | |
| Altar of Darkness | 1 | |
| Ziggurat | 16 | |
| Graveyard | 1 | |
| Tomb of Relics | 1 | |
| Halls of the Dead | 1 | |
| Necropolis | 1 | |
| Black Citadel | 2 | |
| Spirit Tower | 11 | |
| Slaughterhouse | 1 | |
| Sacrificial Pit | 1 | |
| Boneyard | 2 | |
39 total
» build order
00:13 Crypt
00:18 Altar of Darkness
00:35 Ziggurat
00:49 Graveyard
01:07 Tomb of Relics
01:42 Ziggurat
04:24 Halls of the Dead
05:31 Ziggurat
05:44 Necropolis
05:58 Ziggurat
09:10 Black Citadel
09:10 Black Citadel
09:36 Spirit Tower
09:36 Spirit Tower
09:38 Slaughterhouse
09:57 Sacrificial Pit
10:13 Ziggurat
10:24 Ziggurat
10:28 Ziggurat
10:40 Ziggurat
11:32 Ziggurat
11:45 Spirit Tower
11:46 Spirit Tower
12:15 Ziggurat
12:18 Ziggurat
12:56 Ziggurat
12:58 Spirit Tower
13:01 Ziggurat
13:05 Ziggurat
13:21 Boneyard
13:53 Boneyard
14:13 Spirit Tower
14:14 Spirit Tower
14:40 Spirit Tower
14:40 Spirit Tower
14:41 Spirit Tower
15:51 Ziggurat
16:17 Ziggurat
» items
| Rod of Necromancy | 1 | |
| Sacrificial Skull | 1 | |
| Scroll of Town Portal | 1 | |
3 total
shamidrees (
yellow | 27 APM | 481 actions | 17:49)
3 Mountain King
2 Storm Bolt
1 Bash
2 Paladin
1 Holy Light
1 Devotion Aura
1 Archmage
1 Summon Water Elemental
» actions
| Build / train | 49 | |
| Enter build submenu | 17 | |
| Enter hero's abilities submenu | 6 | |
| Right click | 188 | |
| Select / deselect | 174 | |
| Use ability | 47 | |
481 total
» units
| Peasant | 8 | |
| Footman | 2 | |
| Knight | 7 | |
| Siege Engine | 4 | |
| Dragonhawk Rider | 2 | |
| Mortar Team | 1 | |
| Priest | 1 | |
25 total
» upgrades
| Lumber Harvesting | 2 | |
| Masonry | 1 | |
| Barrage | 1 | |
| Cloud | 1 | |
| Fragmentation Shards | 1 | |
| Flare | 1 | |
| Priest Training | 1 | |
| Plating | 1 | |
| Swords | 1 | |
10 total
» buildings
| Altar of Kings | 1 | |
| Farm | 10 | |
| Keep | 1 | |
| Barracks | 1 | |
| Lumber Mill | 1 | |
| Blacksmith | 1 | |
| Castle | 1 | |
| Arcane Vault | 1 | |
| Scout Tower | 4 | |
| Workshop | 1 | |
| Guard Tower | 1 | |
| Arcane Sanctum | 1 | |
| Gryphon Aviary | 1 | |
25 total
» build order
00:07 Altar of Kings
00:11 Farm
00:45 Farm
02:07 Keep
02:16 Barracks
02:53 Farm
02:54 Farm
02:59 Lumber Mill
03:03 Blacksmith
04:40 Castle
04:49 Farm
04:51 Farm
04:56 Arcane Vault
06:30 Farm
06:32 Farm
06:33 Farm
06:41 Scout Tower
06:43 Scout Tower
07:14 Workshop
08:12 Guard Tower
08:35 Scout Tower
08:35 Scout Tower
10:41 Farm
10:56 Arcane Sanctum
11:29 Gryphon Aviary
» items
IM_THAT_GOOD (
red | 90 APM | 1602 actions | 17:52)
4 Keeper of the Grove
1 Force of Nature
2 Entangling Roots
1 Thorns Aura
4 Priestess of the Moon
1 Scout
3 Trueshot Aura
» actions
| Assign group hotkey | 11 | |
| Basic commands | 17 | |
| Build / train | 77 | |
| Enter build submenu | 15 | |
| Enter hero's abilities submenu | 8 | |
| Remove unit from queue | 1 | |
| Right click | 1060 | |
| Select / deselect | 296 | |
| Select group hotkey | 38 | |
| Use ability | 79 | |
1602 total
» units
| Wisp | 16 | |
| Archer | 17 | |
| Hippogryph | 6 | |
| Druid of the Talon | 5 | |
44 total
» upgrades
| Strength of the Moon | 2 | |
| Improved Bows | 1 | |
| Hippogryph Taming | 1 | |
| Moon Armor | 1 | |
| Druid of the Talon Training | 2 | |
| Mark of the Talon | 1 | |
8 total
» buildings
| Moon Well | 6 | |
| Altar of Elders | 1 | |
| Ancient of War | 2 | |
| Tree of Life | 1 | |
| Tree of Ages | 1 | |
| Hunter's Hall | 1 | |
| Ancient of Wind | 2 | |
| Ancient of Wonders | 1 | |
| Tree of Eternity | 2 | |
| Ancient of Lore | 1 | |
18 total
» build order
00:06 Moon Well
00:36 Altar of Elders
01:06 Ancient of War
01:41 Moon Well
02:22 Moon Well
03:51 Tree of Life
04:22 Tree of Ages
04:50 Hunter's Hall
05:27 Moon Well
07:39 Ancient of Wind
07:41 Ancient of Wind
07:43 Ancient of War
09:41 Moon Well
10:15 Moon Well
11:29 Ancient of Wonders
12:36 Tree of Eternity
16:36 Ancient of Lore
» items
podbot (
purple | 63 APM | 1119 actions | 17:45)
3 Death Knight
2 Death Coil
1 Unholy Aura
2 Dreadlord
1 Vampiric Aura
1 Sleep
» actions
| Assign group hotkey | 8 | |
| Build / train | 48 | |
| Enter build submenu | 36 | |
| Enter hero's abilities submenu | 5 | |
| Give item / drop item | 1 | |
| Remove unit from queue | 2 | |
| Right click | 632 | |
| Select / deselect | 283 | |
| Select group hotkey | 31 | |
| Use ability | 73 | |
1119 total
» units
| Acolyte | 11 | |
| Ghoul | 7 | |
| Frost Wyrm | 4 | |
22 total
» upgrades
| Creature Attack | 1 | |
| Creature Carapace | 1 | |
2 total
» buildings
| Crypt | 1 | |
| Ziggurat | 15 | |
| Altar of Darkness | 2 | |
| Graveyard | 1 | |
| Tomb of Relics | 3 | |
| Halls of the Dead | 1 | |
| Black Citadel | 1 | |
| Sacrificial Pit | 1 | |
| Necropolis | 1 | |
| Spirit Tower | 3 | |
| Boneyard | 7 | |
| Nerubian Tower | 1 | |
37 total
» build order
00:11 Crypt
00:13 Ziggurat
00:41 Altar of Darkness
00:45 Altar of Darkness
01:03 Ziggurat
01:31 Graveyard
02:02 Tomb of Relics
02:59 Ziggurat
04:07 Halls of the Dead
04:53 Ziggurat
06:32 Black Citadel
07:35 Sacrificial Pit
08:26 Black Citadel
09:43 Ziggurat
09:45 Ziggurat
09:49 Ziggurat
09:54 Ziggurat
10:00 Necropolis
10:28 Tomb of Relics
10:33 Tomb of Relics
10:53 Spirit Tower
10:57 Boneyard
10:59 Boneyard
11:03 Boneyard
11:06 Boneyard
11:07 Boneyard
11:10 Boneyard
11:21 Boneyard
11:32 Ziggurat
11:36 Ziggurat
11:43 Ziggurat
11:44 Ziggurat
12:33 Spirit Tower
13:36 Nerubian Tower
13:36 Spirit Tower
16:00 Ziggurat
16:01 Ziggurat
16:04 Ziggurat
» items
| Rod of Necromancy | 1 | |
| Sacrificial Skull | 1 | |
| Potion of Healing | 3 | |
| Staff of Sanctuary | 1 | |
| Scroll of Town Portal | 1 | |
| Ivory Tower | 2 | |
9 total
team 2 (winner)
SWEATYBUMJUICE (
green | 33 APM | 594 actions | 17:52)
3 Mountain King
2 Storm Bolt
1 Bash
» actions
| Build / train | 84 | |
| Enter build submenu | 42 | |
| Enter hero's abilities submenu | 3 | |
| Give item / drop item | 1 | |
| Remove unit from queue | 3 | |
| Right click | 156 | |
| Select / deselect | 235 | |
| Use ability | 70 | |
594 total
» units
| Peasant | 25 | |
| Footman | 6 | |
| Sorceress | 6 | |
| Mortar Team | 5 | |
| Flying Machine | 3 | |
45 total
» upgrades
| Gunpowder | 3 | |
| Lumber Harvesting | 2 | |
| Masonry | 3 | |
| Magic Sentry | 1 | |
| Sorceress Training | 2 | |
| Fragmentation Shards | 1 | |
| Flak Cannons | 1 | |
| Flare | 1 | |
| Plating | 1 | |
| Armor | 1 | |
16 total
» buildings
| Altar of Kings | 1 | |
| Farm | 9 | |
| Barracks | 1 | |
| Scout Tower | 20 | |
| Arcane Tower | 1 | |
| Lumber Mill | 1 | |
| Keep | 2 | |
| Arcane Vault | 3 | |
| Blacksmith | 1 | |
| Guard Tower | 8 | |
| Town Hall | 1 | |
| Castle | 2 | |
| Arcane Sanctum | 1 | |
| Workshop | 5 | |
56 total
» build order
00:35 Altar of Kings
00:52 Farm
01:07 Barracks
01:23 Farm
02:20 Farm
02:46 Farm
02:51 Scout Tower
03:10 Farm
03:36 Farm
03:41 Arcane Tower
04:27 Lumber Mill
04:57 Scout Tower
05:00 Scout Tower
05:03 Scout Tower
05:29 Keep
05:34 Arcane Vault
05:48 Blacksmith
05:53 Guard Tower
05:59 Guard Tower
07:18 Scout Tower
07:20 Scout Tower
07:22 Scout Tower
07:23 Scout Tower
07:25 Scout Tower
07:31 Scout Tower
07:49 Guard Tower
07:51 Scout Tower
07:55 Scout Tower
07:56 Scout Tower
07:57 Scout Tower
07:57 Scout Tower
08:00 Guard Tower
08:24 Guard Tower
08:27 Town Hall
08:35 Guard Tower
09:30 Castle
09:33 Arcane Sanctum
10:02 Arcane Vault
10:28 Scout Tower
10:31 Scout Tower
10:34 Scout Tower
10:48 Workshop
11:00 Workshop
11:03 Workshop
11:06 Workshop
11:11 Workshop
11:19 Arcane Vault
11:24 Guard Tower
11:54 Keep
12:55 Scout Tower
12:57 Scout Tower
13:31 Guard Tower
13:54 Farm
16:15 Farm
17:20 Farm
17:23 Castle
» items
| Orb of Fire | 1 | |
| Potion of Healing | 1 | |
| Scroll of Regeneration | 1 | |
3 total

»
watchingyou (
blue | 101 APM | 1807 actions | 17:52)
4 Archmage
2 Summon Water Elemental
2 Brilliance Aura
2 Goblin Tinker
1 Pocket Factory
1 Engineering Upgrade
» actions
| Assign group hotkey | 48 | |
| Basic commands | 235 | |
| Build / train | 77 | |
| Enter build submenu | 32 | |
| Enter hero's abilities submenu | 6 | |
| Give item / drop item | 1 | |
| Remove unit from queue | 14 | |
| Right click | 668 | |
| Select / deselect | 263 | |
| Select group hotkey | 366 | |
| Use ability | 97 | |
1807 total
» units
| Peasant | 14 | |
| Footman | 6 | |
| Goblin Shredder | 3 | |
| Knight | 6 | |
| Siege Engine | -3 | |
| Spell Breaker | -1 | |
| Mortar Team | 1 | |
26 total
» upgrades
| Masonry | 2 | |
| Magic Sentry | 1 | |
| Barrage | 1 | |
| Control Magic | 1 | |
| Gunpowder | 2 | |
| Fragmentation Shards | 1 | |
8 total
» buildings
| Altar of Kings | 1 | |
| Farm | 14 | |
| Barracks | 1 | |
| Town Hall | 1 | |
| Keep | 2 | |
| Scout Tower | 7 | |
| Lumber Mill | 1 | |
| Arcane Vault | 1 | |
| Blacksmith | 1 | |
| Castle | 1 | |
| Arcane Sanctum | 1 | |
| Guard Tower | 7 | |
| Workshop | 4 | |
42 total
» build order
00:11 Altar of Kings
00:15 Farm
00:28 Barracks
01:00 Farm
01:37 Farm
04:08 Town Hall
05:02 Keep
05:53 Scout Tower
05:56 Scout Tower
06:01 Scout Tower
06:08 Scout Tower
06:16 Lumber Mill
06:30 Farm
06:40 Scout Tower
06:44 Scout Tower
06:45 Scout Tower
06:49 Arcane Vault
07:15 Blacksmith
07:25 Castle
07:31 Arcane Sanctum
07:33 Guard Tower
08:43 Workshop
08:49 Guard Tower
08:56 Workshop
09:01 Workshop
10:03 Farm
10:04 Farm
10:17 Workshop
10:26 Farm
10:31 Farm
10:34 Farm
10:39 Farm
11:16 Farm
11:26 Farm
12:12 Farm
12:18 Farm
17:48 Guard Tower
17:48 Guard Tower
» items
| Potion of Healing | 2 | |
| Scroll of Regeneration | 1 | |
| Ivory Tower | 5 | |
8 total
KODOBODODO (
teal | 70 APM | 1251 actions | 17:53)
4 Blademaster
2 Wind Walk
2 Critical Strike
4 Shadow Hunter
2 Hex
2 Healing Wave
» actions
| Assign group hotkey | 46 | |
| Basic commands | 1 | |
| Build / train | 39 | |
| Enter build submenu | 14 | |
| Enter hero's abilities submenu | 8 | |
| Give item / drop item | 2 | |
| Right click | 580 | |
| Select / deselect | 97 | |
| Select group hotkey | 370 | |
| Use ability | 94 | |
1251 total
» units
| Peon | 9 | |
| Wind Rider | 4 | |
| Troll Batrider | 3 | |
16 total
» upgrades
| Reinforced Defenses | 1 | |
| Envenomed Spears | 1 | |
| Ranged Weapons | 2 | |
| Armor | 1 | |
5 total
» buildings
| Altar of Storms | 1 | |
| Orc Burrow | 6 | |
| Voodoo Lounge | 2 | |
| Stronghold | 1 | |
| War Mill | 1 | |
| Fortress | 1 | |
| Beastiary | 3 | |
| Watch Tower | 7 | |
22 total
» build order
00:15 Altar of Storms
00:23 Orc Burrow
01:34 Voodoo Lounge
02:06 Stronghold
02:12 War Mill
02:53 Orc Burrow
03:59 Orc Burrow
04:01 Orc Burrow
04:45 Fortress
04:51 Beastiary
04:54 Beastiary
06:43 Voodoo Lounge
07:24 Watch Tower
07:25 Watch Tower
07:26 Watch Tower
07:26 Watch Tower
11:51 Beastiary
11:52 Orc Burrow
11:52 Orc Burrow
13:20 Watch Tower
13:23 Watch Tower
13:24 Watch Tower
» items
| Healing Salve | 2 | |
| Lesser Clarity Potion | 1 | |
| Potion of Mana | 1 | |
| Scroll of Town Portal | 1 | |
| Scroll of Speed | 1 | |
6 total

»
Garciliaso (
pink | 62 APM | 1107 actions | 17:52)
5 Blademaster
3 Critical Strike
2 Wind Walk
3 Shadow Hunter
1 Healing Wave
2 Serpent Ward
» actions
| Assign group hotkey | 12 | |
| Build / train | 57 | |
| Enter build submenu | 18 | |
| Enter hero's abilities submenu | 8 | |
| Right click | 527 | |
| Select / deselect | 251 | |
| Select group hotkey | 189 | |
| Use ability | 45 | |
1107 total
» units
| Peon | 18 | |
| Grunt | 3 | |
| Tauren | 4 | |
| Troll Witch Doctor | 4 | |
| Shaman | 3 | |
32 total
» upgrades
| Melee Weapons | 3 | |
| Armor | 2 | |
| Witch Doctor Training | 2 | |
| Pulverize | 1 | |
| Shaman Training | 2 | |
| Spirit Walker Training | 2 | |
12 total
» buildings
| Altar of Storms | 1 | |
| Orc Burrow | 6 | |
| Barracks | 1 | |
| Voodoo Lounge | 1 | |
| War Mill | 1 | |
| Stronghold | 1 | |
| Great Hall | 1 | |
| Fortress | 1 | |
| Spirit Lodge | 2 | |
| Tauren Totem | 2 | |
| Beastiary | 1 | |
18 total
» build order
00:20 Altar of Storms
00:23 Orc Burrow
01:10 Barracks
01:17 Orc Burrow
02:10 Voodoo Lounge
02:16 Orc Burrow
03:10 War Mill
03:41 Stronghold
05:45 Orc Burrow
05:51 Great Hall
06:46 Orc Burrow
06:47 Fortress
06:52 Spirit Lodge
08:42 Spirit Lodge
09:35 Tauren Totem
09:40 Tauren Totem
11:21 Orc Burrow
16:28 Beastiary
» items
Chat log
(11:09 / Allies) Garciliaso: ty
(14:52 / Allies) Garciliaso: back